 Dungeon Crawl Stone Soup version 0.30.0-10-gfe55d96785 (webtiles) character file.

Game seed: 13779950687685470545

86 shadowrider38 the Conjurer (level 4, 25/30 HPs)
             Began as a Demonspawn Conjurer on May 15, 2023.
             Quit the game on level 3 of the Dungeon.
             The game lasted 00:03:21 (2552 turns).

shadowrider38 the Conjurer (Demonspawn Conjurer)    Turns: 2552, Time: 00:03:21

Health: 25/30      AC:  3    Str:  8    XL:     4   Next: 27%
Magic:  9/9        EV: 12    Int: 21    God:
Gold:   119        SH:  9    Dex: 11    Spells: 6/9 levels left

rFire   . . .        f - +0 short sword
rCold   . . .        (no shield)
rNeg    . . .        a - +0 robe
rPois   .            (no helmet)
rElec   .            (no cloak)
rCorr   .            e - +0 pair of gloves
SInv    .            (no boots)
Will    .....        m - amulet of reflection
Stlth   ++           (no ring)
HPRegen 0.25/turn    (no ring)
MPRegen 0.11/turn

%: reflection
@: no status effects
A: claws 1, powered by pain 1, condensation shield
a: no special abilities


You were on level 3 of the Dungeon.
You visited 1 branch of the dungeon, and saw 3 of its levels.

You collected 119 gold pieces.

Inventory:

Hand Weapons
 c - a +0 club
 f - a +0 short sword (weapon)
Armour
 a - a +0 robe (worn)
 e - a +0 pair of gloves (worn)
Jewellery
 m - an amulet of reflection (around neck)
 n - a +6 ring of strength
 r - an amulet of regeneration
Scrolls
 i - a scroll of amnesia
 j - a scroll of teleportation {unknown}
Potions
 b - 2 potions of magic
 d - a potion of ambrosia {unknown}
 g - a potion of resistance {unknown}
 k - a potion of brilliance
 l - a potion of heal wounds
 o - a potion of lignification {unknown}
 Q - a potion of curing


   Skills:
 - Level 1.7 Dodging
 - Level 1.7 Stealth
 + Level 3.3 Spellcasting
 + Level 4.9 Conjurations


You had 6 spell levels left.
You knew the following spells:

 Your Spells              Type           Power      Damage    Failure   Level
a - Magic Dart            Conj           96%        1d7       1%          1
b - Searing Ray           Conj           48%        2d6       2%          2

Your spell library contained the following spells:

 Spells                   Type           Power      Damage    Failure   Level
 Dazzling Flash           Conj/Hex       26%        N/A       14%         3
 Ensorcelled Hibernation  Hex/Ice        6%         N/A       19%         2
 Passwall                 Tmut/Erth      2%         N/A       19%         2
 Swiftness                Air            3%         N/A       36%         3
 Fulminant Prism          Conj/Hex       6%         3d6       43%         4
 Iskenderun's Mystic Bla  Conj/Tloc      13%        2d5       43%         4
 Irradiate                Conj/Tmut      6%         3d13      78%         5
 Blade Hands              Tmut           1%         N/A       98%         5
 Dragon Form              Tmut           1%         N/A       100%        7


Dungeon Overview and Level Annotations

Branches:
Dungeon (3/15)

Altars:


Innate Abilities, Weirdness & Mutations

You have sharp fingernails.
You sometimes gain a little power by taking damage.
A meltable shield of frost defends you. (SH +4)


Message History

An orc comes into view. It is wielding a +0 short sword.
The orc shouts!
You hear a shout!
The orc wizard gestures wildly while chanting.
The orc wizard flickers and vanishes!
Deactivating autopickup; reactivate with Ctrl-A.
You bump into the rock wall.
An orc comes into view. It is wielding a +0 hand axe.
You bump into the rock wall.
You hear some strange, mumbled words.
Something tries to affect you, but you resist.
You hear some strange, mumbled words.
You are more confused.
You hear some strange, mumbled words.
Something tries to affect you, but you resist.
The orc closely misses you.
You hear some strange, mumbled words.
You are more confused.
The orc attacks as you move away! The orc barely misses you.
Something hits you.
A magic dart appears from out of thin air!
The magic dart hits you.
You bump into the rock wall.
You bump into the rock wall.
You hear some strange, mumbled words.
Something tries to affect you, but you resist.
The orc barely misses you.
You feel less confused.
Casting: Magic Dart (safe; 1% risk of failure)
Confirm with . or Enter, or press ? or * to list all spells.
Aiming: Searing Ray (safe; 2% risk of failure)
Press: ? - help, Shift-Dir - straight line The searing ray hits the orc!
You kill the orc!
The searing ray hits something. (Press . to maintain the ray.)
The searing ray hits something.
Reactivating autopickup.
You feel a bit more experienced.
The searing ray hits the orc.
The orc is almost dead.
You have reached level 4!
You feel stronger.
Your demonic ancestry asserts itself...
You feel energised by your suffering.
The searing ray hits the orc.
You kill the orc!
The searing ray hits the orc!
You kill the orc!
You finish channelling your searing ray.
Unknown command.
Magic courses through your body.
Are you sure you want to abandon this character and quit the game? (Confirm with "yes".)

##### #...# ######
#####.#.####....#
#@..............##
#)###.#.####.#....
#)# #.#.# #....##
#)# #.#.# #.....#
#)# #...# ##...##
#####.#######
##.## #........#
#.# #.###.##.# #.#
#.# # ##'##


There were no monsters in sight!

Vanquished Creatures
  An orc wizard (D:3)
  A worm (D:3)
  4 dart slugs
  3 orcs (D:3)
  5 ball pythons
  4 endoplasms
  2 giant cockroaches (D:1)
  A goblin (D:3)
  3 hobgoblins
  2 jackals (D:1)
  3 quokkas
  3 bats
  A frilled lizard (D:2)
  8 kobolds
  8 rats
49 creatures vanquished.

Notes
Turn   | Place    | Note
-------+----------+-------------------------------------------
     0 | D:1      | shadowrider38 the Demonspawn Conjurer began the quest for
                  | the Orb.
     0 | D:1      | Reached XP level 1. HP: 13/13 MP: 3/3
   398 | D:1      | Gained mutation: A meltable shield of frost defends you.
                  | (SH +4) [demonic ancestry]
   398 | D:1      | Reached XP level 2. HP: 16/19 MP: 1/5
   408 | D:1      | shadowrider38: ew
   411 | D:1      | Learned a level 2 spell: Searing Ray
   898 | D:1      | aesen: did you get it
  1014 | D:1      | shadowrider38: no
  1195 | D:2      | Discovered your monstrous ancestry.
  1195 | D:2      | Gained mutation: You have sharp fingernails. [demonic
                  | ancestry]
  1195 | D:2      | Reached XP level 3. HP: 24/24 MP: 4/7
  1233 | D:2      | aesen: why not
  1405 | D:2      | shadowrider38: bc the game hatse me
  1850 | D:2      | aesen: wear reflection
  1905 | D:2      | shadowrider38: why dont i autopick that up
  1905 | D:2      | shadowrider38: bruuh
  1951 | D:2      | Reached skill level 3 in Spellcasting
  2549 | D:3      | Gained mutation: You sometimes gain a little power by
                  | taking damage. [demonic ancestry]
  2549 | D:3      | Reached XP level 4. HP: 25/30 MP: 4/8
  2551 | D:3      | aesen: rip
  2551 | D:3      | shadowrider38: at least
  2551 | D:3      | shadowrider38: i didnt waste that much time this time
  2552 | D:3      | aesen: indeed
  2552 | D:3      | Quit the game

Illustrated notes

Levels and vault maps discovered:
D:1:      psy_arrival_fountain, layout_basic
D:2:      layout_basic, st_stairs_1
D:3:      layout_loops_corners, ebering_ecumenical_altar_petrified,
          minmay_misc_feat_four_crosses, amcnicky_mini_corridor_feature

Skill      XL: |  1  2  3 |
---------------+----------+-----
Spellcasting   | 3 |  3.3
Dodging        | |  1.7
Stealth        | |  1.7
Conjurations   | |  4.9

Action                     |  1- 3 |  4- 6 || total
---------------------------+-------+-------++-------
  Melee: Short sword       |     2 |       ||     2
   Cast: Magic Dart        |    82 |       ||    82
         Searing Ray       |     3 |       ||     3
    Use: Scroll            |     5 |       ||     5
         Potion            |       |     1 ||     1
 Armour: Robe              |     1 |       ||     1
  Dodge: Dodged            |     8 |       ||     8
  Block: Other             |     5 |       ||     5
